 Dungeon Crawl Stone Soup version 0.29-a0-813-g4a14ea37d6 (webtiles) character file.

Game seed: 3417146078759883418

94 purpskrrrp the Trooper (level 4, -1/35 HPs)
             Began as a Demonspawn Fighter on July 4, 2022.
             Succumbed to a goblin's poison
             ... on level 2 of the Dungeon.
             The game lasted 00:03:00 (1410 turns).

purpskrrrp the Trooper (Demonspawn Fighter)         Turns: 1410, Time: 00:03:00

Health: -1/35      AC:  6    Str: 19    XL:     4   Next: 38%
Magic:  4/4        EV:  9    Int:  9    God:
Gold:   47         SH:  4    Dex: 12    Spells: 3/3 levels left

rFire   . . .      SeeInvis .   a - +0 long sword
rCold   . . .      Faith    .   c - +0 buckler
rNeg    . . .      Spirit   .   b - +0 scale mail
rPois   .          Reflect  .   (helmet restricted)
rElec   .          Harm     .   (no cloak)
rCorr   .          Rampage  .   (no gloves)
Will    .....                   (no boots)
Stlth   ..........              (no amulet)
HPRegen 0.11/turn               (no ring)
MPRegen 0.09/turn               (no ring)

@: lethally poisoned (-1 -> -21), about to teleport
A: horns 1
a: no special abilities


You were on level 2 of the Dungeon.
You visited 1 branch of the dungeon, and saw 2 of its levels.

You collected 47 gold pieces.

Inventory:

Hand Weapons
 a - a +0 long sword (weapon)
Armour
 b - a +0 scale mail (worn)
 c - a +0 buckler (worn)
Scrolls
 e - a scroll of identify
 h - a scroll of teleportation
 k - a scroll of vulnerability {unknown}
Potions
 f - a potion of brilliance
 g - a potion of mutation {unknown}
 i - a potion of attraction {unknown}
 j - a potion of curing {unknown}


   Skills:
 + Level 3.4 Fighting
 * Level 3.2 Long Blades
 + Level 3.1 Armour
 + Level 0.3 Dodging
 + Level 3.1 Shields


You had 3 spell levels left.
You didn't know any spells.
Your spell library was empty.

Dungeon Overview and Level Annotations

Branches:
Dungeon (2/15)

Altars:

Shops:
D:1 :

Annotations:
D:2 Robin


Innate Abilities, Weirdness & Mutations

You have a pair of small horns on your head.


Message History

A goblin comes into view. It is wielding a +0 dagger.
Found four items.
Robin points. "Kill!"
You barely miss the goblin. Your headbutt misses the goblin.
The goblin hits you but does no damage.
Robin roars a battlecry!
The goblins go into a battle-frenzy!
You hear a shout!
You slash the goblin!
You kill the goblin!
You closely miss the goblin. The goblin barely misses you.
You hit the goblin.
You kill the goblin!
Robin throws the goblin at you! The goblin hits you but does no damage.
The goblin hits you with a +1 dagger of venom.
You are poisoned.
The goblin attacks as you move away!
The goblin hits you with a +1 dagger of venom.
You are lethally poisoned!
A goblin comes into view. It is wielding a +0 dagger.
You feel very sick.
The goblin shouts! x2; The adder hisses angrily.
Things that are here:
a +0 dagger; a +0 club; a goblin corpse You slash Robin!
You headbutt Robin, but do no damage.
Robin is severely wounded.
You feel extremely sick. The goblin hits you but does no damage.
You are more poisoned.
You hit Robin.
Robin is almost dead.
* * * LOW HITPOINT WARNING * * *
You feel extremely sick.
The goblin hits you with a +1 dagger of venom.
* * * LOW HITPOINT WARNING * * *
A goblin comes into view. It is wielding a +0 dagger.
Robin closely misses you.
As you read the scroll of teleportation, it crumbles to dust.
You feel strangely unstable.
You die...

...........# #.# #..
...........#######.#
#..
...........))......#
#.>
...........###...#.#
#.# ...........#
#...### #.#
...........# #...#
#.# ..######'###
#...# #.. . #g#
#...# ### #@# #...#
#g# #####


ggg #gggg #....S #"..... #.!.?.g. #..$..... You could see Robin, an adder, a
hobgoblin (strong) and 8 goblins.

Vanquished Creatures
  2 adders (D:2)
  4 gnolls (D:2)
  A dart slug (D:1)
  2 bats (D:1)
  An endoplasm (D:1)
  2 giant cockroaches (D:1)
  5 goblins
  4 hobgoblins (D:1)
  4 jackals (D:2)
  4 kobolds
  A quokka (D:1)
  2 frilled lizards (D:1)
  A rat (D:1)
33 creatures vanquished.

Notes
Turn   | Place    | Note
-------+----------+-------------------------------------------
     0 | D:1      | purpskrrrp the Demonspawn Fighter began the quest for the
                  | Orb.
     0 | D:1      | Reached XP level 1. HP: 18/18 MP: 1/1
   316 | D:1      | Gained mutation: You have a pair of small horns on your
                  | head. [demonic ancestry]
   316 | D:1      | Reached XP level 2. HP: 24/24 MP: 2/2
   322 | D:1      | Found Nobexte's Book Shoppe.
   864 | D:2      | Reached XP level 3. HP: 23/29 MP: 3/3
  1009 | D:2      | Found a faded altar of an unknown god.
  1262 | D:2      | Reached XP level 4. HP: 28/35 MP: 4/4
  1401 | D:2      | Noticed Robin
  1410 | D:2      | Succumbed to a goblin's poison

Illustrated notes

Levels and vault maps discovered:
D:1:      dpeg_arrival_water_temple_mockup, layout_loops_ring, serial_shops,
          nicolae_shop_competitors_out_of_business
D:2:      layout_basic, chequers_ecumenical_altar_island, basic_altar,
          uniq_robin

Skill      XL: |  1  2  3  4 |
---------------+-------------+-----
Shields        | 3 |  3.1
Long Blades    | 2 3 |  3.2
Armour         | 3 |  3.1
Fighting       | |  3.4
Dodging        | |  0.3

Action                   |  1- 3 |  4- 6 || total
-------------------------+-------+-------++-------
Melee: Long sword        |    97 |    11 ||   108
       Headbutt          |     9 |     2 ||    11
  Use: Scroll            |     3 |     1 ||     4
       Potion            |     1 |       ||     1
Armor: Scale mail        |    59 |     4 ||    63
Dodge: Dodged            |    48 |     2 ||    50
Block: Buckler           |    27 |       ||    27

Table legend: (Time is in decaauts)
 A = Elapsed time spent in this place.
 B = Non-inter-level travel time spent in this place.
 C = Inter-level travel time spent in this place.
 D = Time resting spent in this place.
 E = Time spent auto-exploring this place.
 F = Levels seen in this place.
 G = Mean time per level.
                   A        B        C        D        E       F      G
               +--------+--------+--------+--------+--------+-----+--------+
         Total |   1445 |   1383 |     62 |      0 |   1139 |   2 |  722.5 |
       Dungeon |   1445 |   1383 |     62 |      0 |   1139 |   2 |  722.5 |
               +--------+--------+--------+--------+--------+-----+--------+

Top non-repeatable levels by time:
     D:1: 861 daAuts
     D:2: 584 daAuts
